Map: New Williamsberg

Players

Stoffi

  • Race: Zerg Zerg
  • Spawn Location: 12:00

Андрей

  • Race: Protoss Protoss
  • Spawn Location: 0:00

Soundwave

  • Race: Zerg Zerg
  • League: Gold
  • Spawn Location: 3:00

battlecattle

  • Race: Protoss Protoss
  • Spawn Location: 0:00

Zem

  • Race: Terran Terran
  • Spawn Location: 9:00

SUPERYURI

  • Race: Zerg Zerg
  • Spawn Location: 6:00

VOD

Have the link to the VOD?

Description

Time

  • Played on: Nov. 18, 2015, 8:31 a.m.
  • Length: 15:59
Show
View Real Time Build Order
Export as new Build Order

Stoffi Zerg 

Build Orders: Hatch First 

Get SALT Encoding   

  12  0:01  Drone  
  13  0:08  Drone  
  14  0:17  Overlord  
  14  0:26  Overlord  
  14  0:35  Drone x2  
  16  0:46  Drone  
  17  0:54  Extractor  
  17  0:56  Extractor  
  17  0:57  Drone  
  16  1:06  Drone  
  17  1:18  Drone  
  18  1:26  Hatchery  
  18  1:27  Drone  
  18  1:36  Spawning Pool  
  17  1:43  Drone  
  18  1:49  Drone  
  19  1:59  Drone  
  20  2:15  Drone  
  21  2:21  Drone  
  22  2:27  Lair  
  22  2:38  Queen  
  22  2:43  Drone  
  25  2:44  Roach Warren  
  25  2:45  Drone  
  25  2:51  Zergling x4  
  26  2:54  Zergling x2  
  28  3:02  Overlord  
  28  3:07  Overlord  
  28  3:14  Queen  
  30  3:24  Roach x2  
  30  3:25  Roach  
  36  3:27  Roach  
  38  3:35  Hydralisk Den  
  37  3:46  Roach x2  
  37  3:47  Roach  
  43  3:50  Burrow  
  43  3:59  Glial Reconstitution  
  43  4:09  Hydralisk  
  45  4:15  Zergling x10  
  50  4:24  Roach  
  50  4:30  Overlord  
  52  4:50  Hydralisk  
  52  4:53  Hydralisk  
  52  4:55  Roach x8  
  52  4:59  Hydralisk  
  56  5:11  Hydralisk  
  58  5:18  Tunneling Claws  
  56  5:28  Hydralisk  
  56  5:31  Overlord  
  56  5:32  Overlord x3  
  58  5:51  Zergling x10  
  58  5:52  Zergling x4  
  65  6:17  Hydralisk  
  65  6:18  Hydralisk x3  
  72  6:37  Hydralisk x2  
  38  7:19  Hydralisk x3  
  40  7:52  Drone  
  41  8:00  Drone  
  42  8:15  Drone  
  39  8:35  Drone x3  
  42  8:48  Drone x3  
  45  8:54  Drone  
  46  8:58  Drone  
  47  9:12  Drone  
  48  9:19  Drone x4  
  40  9:40  Queen  
  40  9:57  Drone x2  
  40  9:58  Drone  
  40  9:59  Drone x10  
  43  10:03  Roach x4  
  41  10:13  Drone  
  42  10:43  Hydralisk x2  
  42  10:47  Drone  
  47  10:50  Drone x2  
  47  10:55  Hatchery, Drone  
  49  11:13  Hydralisk x11  
  49  11:14  Drone x2  
  51  11:18  Roach x4  
  52  12:14  Drone  
  22  12:28  Hatchery  
  21  12:39  Drone  
  21  12:53  Hatchery  
  20  13:19  Queen  
  20  13:41  Queen  
  20  13:45  Drone  
  21  13:49  Drone  
  21  13:56  Drone x18  
  21  14:04  Hatchery  
  20  14:41  Drone x11  
  20  14:42  Drone x2  
  1  15:29  Drone  
  1  15:30  Drone x2  
  1  15:32  Hatchery  
Show
View Real Time Build Order
Export as new Build Order

Андрей Protoss 

Build Orders:  

Get SALT Encoding   

  12  0:02  Probe (Chrono Boost)  
  13  0:14  Probe (Chrono Boost)  
  14  0:25  Pylon  
  14  0:29  Probe (Chrono Boost)  
  15  0:49  Gateway  
  15  0:51  Probe (Chrono Boost)  
  16  1:03  Probe (Chrono Boost)  
  17  1:08  Pylon  
  17  1:33  Probe (Chrono Boost)  
  18  1:43  Gateway  
  18  1:45  Probe (Chrono Boost)  
  19  1:50  Assimilator  
  19  1:52  Zealot  
  21  2:04  Gateway  
  21  2:05  Probe (Chrono Boost)  
  21  2:10  Cybernetics Core  
  22  2:15  Probe (Chrono Boost)  
  22  2:20  Assimilator  
  22  2:24  Zealot  
  22  2:26  Probe (Chrono Boost)  
  25  2:31  Zealot  
  28  2:37  Probe (Chrono Boost)  
  28  2:47  Probe (Chrono Boost)  
  28  2:51  Stalker  
  31  3:07  Pylon  
  31  3:11  Warp Gate  
  31  3:19  Pylon  
  31  3:25  Stalker x2  
  35  3:40  Stalker  
  37  3:47  Probe (Chrono Boost)  
  37  3:48  Nexus  
  38  3:57  Stalker  
  38  3:58  Probe (Chrono Boost)  
  38  4:02  Stalker  
  43  4:10  Pylon  
  44  4:17  Probe (Chrono Boost)  
  44  4:22  Stalker  
  46  4:31  Stalker (Chrono Boost)  
  48  4:40  Stalker (Chrono Boost)  
  50  4:52  Stalker (Chrono Boost)  
  50  5:04  Stalker (Chrono Boost)  
  45  5:26  Stalker  
  47  5:42  Stalker  
  49  5:52  Stalker  
  33  6:34  Probe  
  34  6:45  Probe  
  35  6:55  Probe  
  36  7:06  Probe  
  35  7:11  Probe  
  34  7:23  Probe  
  35  7:33  Assimilator  
  35  7:35  Probe x2  
  37  7:37  Assimilator  
  37  7:40  Pylon  
  37  7:49  Probe  
  38  8:01  Probe  
  39  8:16  Probe  
  39  8:18  Probe  
  41  8:28  Probe x2  
  43  8:39  Probe  
  43  8:40  Probe  
  45  8:43  Gateway  
  45  8:48  Stalker  
  45  8:50  Stalker  
  45  8:51  Stalker  
  45  8:52  Probe  
  52  9:04  Probe  
  52  9:05  Stargate  
  53  9:11  Pylon  
  53  9:16  Probe  
  53  9:23  Probe  
  55  9:27  Probe  
  56  9:35  Probe  
  56  9:37  Probe  
  58  9:47  Probe  
  58  9:49  Void Ray (Chrono Boost)  
  58  9:52  Stalker  
  65  9:53  Stalker  
  65  9:54  Stalker  
  65  9:55  Stalker  
  65  9:59  Probe  
  72  10:11  Probe  
  73  10:23  Probe  
  73  10:27  Stargate  
  74  10:31  Probe  
  75  10:36  Probe  
  75  10:39  Pylon  
  76  10:49  Pylon  
  76  10:51  Stalker  
  78  11:03  Stargate  
  78  11:05  Pylon  
  78  11:31  Void Ray (Chrono Boost), Robotics Facility  
  86  11:33  Void Ray (Chrono Boost)  
  84  12:02  Void Ray (Chrono Boost)  
  84  12:10  Void Ray (Chrono Boost)  
  84  12:12  Void Ray (Chrono Boost)  
  84  12:15  Stalker x2  
  96  12:16  Stalker x2  
  80  13:04  Void Ray x2 (Chrono Boost)  
  92  13:07  Observer  
  92  13:10  Void Ray (Chrono Boost)  
  89  13:53  Void Ray x2 (Chrono Boost)  
  97  13:59  Void Ray (Chrono Boost)  
  81  14:45  Void Ray x2 (Chrono Boost)  
  79  14:57  Stargate  
Show
View Real Time Build Order
Export as new Build Order

Soundwave Zerg 

Build Orders: Hatch First 

Get SALT Encoding   

  12  0:01  Drone  
  13  0:13  Drone  
  14  0:16  Extractor  
  14  0:17  Extractor  
  14  0:18  Drone  
  13  0:23  Drone  
  16  0:52  Hatchery  
  15  0:58  Spawning Pool  
  14  1:08  Overlord  
  14  1:26  Drone x3  
  14  1:30  Extractor  
  16  1:44  Drone  
  16  1:45  Queen  
  19  1:52  Drone  
  20  2:08  Drone x2  
  22  2:15  Drone x2, Queen  
  24  2:22  Drone  
  27  2:31  Drone  
  27  2:34  Overlord  
  28  2:39  Metabolic Boost  
  28  2:47  Extractor  
  27  3:01  Drone x3  
  30  3:09  Drone x5  
  35  3:13  Drone  
  36  3:20  Overlord  
  36  3:36  Roach Warren  
  36  3:38  Queen  
  36  3:40  Lair  
  37  3:44  Zergling x2  
  37  3:45  Zergling x12  
  44  3:53  Extractor  
  44  3:55  Drone x2, Extractor  
  44  3:59  Overlord  
  44  4:01  Overlord  
  44  4:17  Drone x3, Queen  
  44  4:18  Drone x3  
  52  4:43  Drone x3  
  52  4:44  Overlord  
  55  4:45  Overlord  
  55  4:52  Spire  
  54  4:56  Infestation Pit  
  53  5:05  Spore Crawler  
  52  5:13  Zergling x4  
  52  5:14  Zergling x14  
  51  5:15  Zergling x6  
  57  5:28  Drone x2  
  59  5:39  Glial Reconstitution  
  59  5:40  Evolution Chamber x2  
  57  6:05  Drone x2  
  57  6:06  Drone x3  
  57  6:07  Drone  
  57  6:08  Mutalisk x2  
  67  6:20  Overseer  
  67  6:23  Hatchery  
  66  6:27  Zerg Melee Weapons Level 1  
  66  6:37  Mutalisk  
  66  6:38  Mutalisk x4  
  76  6:55  Overlord x5  
  76  7:19  Overseer  
  76  7:22  Mutalisk x4  
  84  7:43  Queen  
  86  7:45  Drone  
  86  7:46  Drone x8  
  95  7:54  Mutalisk x3  
  101  8:01  Mutalisk  
  103  8:08  Overlord x3  
  103  8:10  Mutalisk x5  
  113  8:31  Mutalisk x2  
  117  8:40  Extractor  
  117  8:41  Extractor  
  115  8:48  Mutalisk  
  115  8:49  Mutalisk  
  117  9:14  Mutalisk x3  
  121  9:28  Drone x3  
  121  9:30  Drone x3  
  127  9:31  Mutalisk x2  
  130  10:00  Zerg Flyer Weapons Level 1  
  130  10:03  Mutalisk  
  130  10:04  Mutalisk x2  
  136  10:20  Overseer x2  
  136  10:26  Mutalisk x2  
  140  10:36  Overlord  
  140  10:37  Overlord x7  
  140  10:38  Overlord x7  
  140  10:39  Overlord  
  109  11:11  Mutalisk x3  
  109  11:12  Mutalisk x4  
  123  11:22  Zergling x4  
  110  11:36  Mutalisk x3  
  110  11:54  Zergling x6  
  85  12:24  Mutalisk x2  
  85  12:25  Mutalisk x3  
  85  12:27  Zergling x2  
  96  12:33  Queen x2  
  69  13:27  Mutalisk x3  
  69  13:28  Mutalisk x3  
  81  13:40  Mutalisk  
  81  13:41  Mutalisk  
  85  14:04  Zergling x2  
  85  14:05  Zergling x6  
  81  14:37  Mutalisk x4  
  81  14:38  Mutalisk x2  
  85  14:40  Zergling x6  
  83  15:01  Zergling x6  
  83  15:02  Zergling x2  
  86  15:13  Zergling x6  
  82  15:29  Mutalisk  
Show
View Real Time Build Order
Export as new Build Order

battlecattle Protoss 

Build Orders:  

Get SALT Encoding   

  12  0:02  Probe (Chrono Boost)  
  13  0:13  Probe (Chrono Boost)  
  14  0:22  Pylon  
  14  0:26  Assimilator  
  15  0:28  Probe (Chrono Boost)  
  15  0:40  Probe (Chrono Boost)  
  16  0:48  Gateway  
  16  0:54  Pylon  
  16  1:01  Probe (Chrono Boost)  
  17  1:14  Probe (Chrono Boost)  
  18  1:23  Forge  
  18  1:25  Probe (Chrono Boost)  
  19  1:31  Assimilator  
  19  1:36  Probe (Chrono Boost)  
  20  1:46  Zealot  
  22  1:51  Probe (Chrono Boost)  
  23  2:00  Photon Cannon  
  23  2:03  Photon Cannon  
  23  2:10  Probe (Chrono Boost)  
  23  2:14  Zealot  
  26  2:21  Gateway  
  26  2:24  Probe (Chrono Boost)  
  27  2:51  Nexus  
  27  2:56  Zealot  
  29  3:14  Zealot  
  31  3:27  Cybernetics Core  
  31  3:31  Pylon  
  31  3:36  Pylon  
  31  3:42  Protoss Shields Level 1 (Chrono Boost)  
  31  4:04  Robotics Facility  
  31  4:17  Pylon  
  31  4:19  Probe (Chrono Boost)  
  31  4:23  Assimilator  
  32  4:30  Probe (Chrono Boost)  
  33  4:39  Probe (Chrono Boost)  
  34  4:49  Probe  
  34  4:52  Warp Prism  
  37  5:00  Probe  
  37  5:03  Stalker x2  
  42  5:07  Probe  
  42  5:10  Probe  
  44  5:19  Probe  
  44  5:21  Probe  
  46  5:31  Probe x2  
  46  5:33  Zealot x2  
  52  5:42  Probe  
  53  6:11  Zealot x2  
  53  6:15  Immortal  
  53  6:20  Probe  
  53  6:21  Probe  
  55  6:27  Assimilator  
  55  6:32  Probe x2, Protoss Ground Weapons Level 1 (Chrono Boost)  
  56  6:38  Robotics Bay, Zealot x2  
  61  6:42  Probe  
  61  6:44  Probe  
  63  6:53  Probe  
  62  7:16  Immortal  
  66  7:28  Robotics Facility  
  66  7:30  Pylon  
  66  7:34  Pylon  
  66  7:36  Zealot x2  
  70  7:37  Pylon  
  70  7:40  Pylon  
  70  7:43  Twilight Council  
  70  7:45  Extended Thermal Lance, Pylon  
  70  7:55  Immortal  
  74  8:03  Zealot x2  
  78  8:36  Colossus x2  
  89  8:47  Nexus  
  83  9:13  Assimilator  
  83  9:20  Charge  
  83  9:22  Stalker x2  
  87  9:30  Immortal x2  
  95  9:35  Photon Cannon  
  95  9:37  Probe  
  96  9:49  Probe  
  96  9:52  Stalker x2  
  101  10:06  Gateway  
  101  10:07  Gateway  
  101  10:10  Gateway  
  101  10:21  Stargate  
  101  10:22  Stalker x2, Stargate  
  101  10:28  Immortal  
  113  10:32  Probe  
  114  10:42  Probe  
  114  10:53  Probe  
  110  11:00  Blink  
  110  11:11  Immortal  
  110  11:22  Pylon  
  110  11:23  Pylon  
  110  11:27  Pylon  
  110  11:32  Pylon  
  110  11:38  Probe  
  110  11:40  Stalker x2, Phoenix  
  110  11:41  Stalker x3, Phoenix  
  125  11:49  Probe  
  124  12:05  Phoenix  
  124  12:06  Phoenix  
  128  12:40  Phoenix x2  
  128  12:43  Protoss Air Weapons Level 1 (Chrono Boost)  
  132  13:05  Phoenix x2  
  136  13:13  Stalker  
  136  13:14  Stalker  
  140  13:20  Probe  
  128  13:57  Probe  
  128  14:02  Stalker  
  124  14:05  Zealot  
  124  14:07  Probe  
  125  14:25  Probe, Zealot, Phoenix  
  57  15:29  Stalker  
  63  15:36  Assimilator  
  63  15:38  Assimilator  
Show
View Real Time Build Order
Export as new Build Order

Zem Terran 

Build Orders: MMM Bio 

Get SALT Encoding   

  12  0:01  SCV  
  13  0:13  SCV  
  14  0:18  Supply Depot  
  14  0:25  SCV  
  15  0:40  SCV  
  16  0:44  Barracks  
  16  0:50  Refinery  
  16  0:52  SCV  
  17  1:04  SCV  
  18  1:17  SCV  
  19  1:31  Orbital Command  
  19  1:32  Marine  
  20  1:51  Command Center, Marine  
  21  2:01  SCV  
  21  2:04  Factory  
  22  2:09  Barracks Tech Lab  
  22  2:27  Marine  
  23  2:37  Refinery  
  23  2:39  Supply Depot  
  23  2:43  Supply Depot  
  23  2:45  Supply Depot  
  23  2:57  Starport  
  23  2:59  Factory Tech Lab  
  23  3:01  SCV, Marine  
  25  3:13  SCV  
  25  3:14  Orbital Command  
  26  3:23  Marine  
  26  3:25  SCV  
  28  3:30  Factory Reactor  
  28  3:38  Barracks  
  29  3:41  SCV x2  
  30  3:51  Banshee  
  30  3:53  SCV x2, Marine  
  36  3:57  Stimpack  
  36  4:10  Cloaking Field  
  36  4:12  Marine  
  36  4:15  SCV x2  
  39  4:27  SCV x2  
  41  4:34  Banshee, Marine x2  
  41  4:35  Marine  
  47  4:54  Refinery  
  47  4:56  Refinery  
  47  4:59  Supply Depot  
  47  5:00  Supply Depot  
  47  5:01  Supply Depot, Marine  
  47  5:02  Marine x2  
  47  5:06  Barracks  
  50  5:19  Marine  
  51  5:30  Marine x2  
  53  5:37  Marine  
  54  5:57  Combat Shields  
  54  6:00  SCV x2  
  56  6:12  SCV x2  
  58  6:24  SCV x2  
  60  6:35  Marine  
  60  6:36  SCV x2, Marine  
  66  6:40  Marauder  
  66  6:44  Starport Reactor  
  63  6:48  SCV  
  63  6:49  SCV  
  63  6:53  Marine x2  
  61  7:00  SCV  
  61  7:01  SCV, Marauder  
  51  7:04  Marauder  
  53  7:10  Barracks  
  53  7:11  Marine x2  
  53  7:14  Engineering Bay  
  55  7:18  Armory, Engineering Bay  
  55  7:20  Medivac x2  
  61  7:23  Marauder  
  61  7:26  Marauder  
  61  7:29  Marine x2  
  65  7:42  Barracks  
  65  7:43  Barracks x2  
  67  7:44  Marauder  
  67  7:46  Marine  
  67  7:47  Terran Infantry Weapons Level 1, Terran Infantry Armor Level 1, Marauder  
  67  7:50  Medivac x2  
  74  7:55  Factory Reactor  
  74  7:57  Barracks Reactor  
  74  8:02  Marine  
  74  8:04  Marine  
  78  8:05  Marauder  
  78  8:09  Marauder  
  80  8:20  Marine  
  81  8:27  Medivac x2  
  81  8:31  Barracks Tech Lab  
  85  8:37  Barracks Reactor  
  85  8:44  Barracks Reactor  
  85  9:00  Missile Turret  
  85  9:01  Missile Turret  
  85  9:02  Missile Turret  
  85  9:04  Missile Turret  
  85  9:06  Missile Turret  
  85  9:07  Missile Turret x2  
  85  9:33  Command Center  
  85  9:36  Marauder  
  85  9:37  Marauder  
  59  9:50  Marine x2  
  59  9:51  Marine x4  
  59  9:52  Marine x3  
  64  9:55  Medivac x2  
  64  9:56  Marine  
  64  9:58  Marauder, Widow Mine x2  
  75  10:10  Marauder  
  72  10:15  Marauder  
  72  10:19  Marauder  
  72  10:20  Marine x6  
  72  10:21  Marine x2  
  83  10:25  Medivac  
  86  10:44  Marine x5, Widow Mine x2  
  95  10:56  Marine  
  96  10:57  Marine x2  
  96  10:58  Marauder  
  100  11:13  Marine  
  101  11:18  Marine x4, Widow Mine  
  101  11:19  Marauder x3, Marine  
  101  11:23  Supply Depot  
  114  11:28  Orbital Command  
  114  11:41  Marauder  
  91  12:43  Marine x2  
  91  12:44  Marine x5  
  92  12:45  Marauder, Marine x2  
  92  12:46  Marauder  
  92  12:47  Medivac x2  
  95  13:00  SCV x3  
  95  13:03  Marauder  
  100  13:07  Marauder x2  
  100  13:10  Refinery  
  100  13:12  SCV x3, Refinery  
  107  13:17  Marine x3, Medivac x2  
  107  13:18  Marine x3  
  107  13:19  Marine x2  
  119  13:24  SCV, Terran Infantry Weapons Level 2, Marauder  
  120  13:36  Marine x3  
  120  13:37  Marine x3  
  120  13:38  Marauder x2  
  120  13:40  Command Center  
  130  13:47  Medivac  
  132  14:00  SCV  
  133  14:10  Supply Depot  
  133  14:11  Supply Depot  
  133  14:12  Supply Depot  
  133  14:14  Supply Depot  
  133  14:24  Marine  
  133  14:25  SCV, Marine  
  133  14:27  Marine x2  
  133  14:28  SCV, Marine  
  133  14:29  SCV  
  133  14:30  Marine  
  133  14:31  Marine x5  
  133  14:34  Supply Depot  
  133  14:37  SCV  
  138  14:41  SCV x2, Marine  
  138  14:43  Marine  
  138  14:45  Marine x2  
  144  14:46  Marine  
  144  14:48  Marine  
  144  14:49  SCV, Marine x5  
  152  14:53  SCV  
  152  14:54  SCV  
  154  15:01  SCV  
  154  15:05  SCV  
  154  15:06  SCV  
  157  15:13  SCV  
  158  15:17  SCV  
  149  15:31  Marine  
  149  15:32  Marine x10  
Show
View Real Time Build Order
Export as new Build Order

SUPERYURI Zerg 

Build Orders: Hatch First 

Get SALT Encoding   

  12  0:04  Drone  
  13  0:19  Drone  
  14  0:35  Overlord  
  14  0:57  Hatchery  
  14  0:59  Drone x3  
  16  1:06  Extractor  
  16  1:10  Drone  
  16  1:17  Spawning Pool  
  15  1:36  Drone x2  
  17  1:45  Drone  
  18  2:07  Queen  
  20  2:08  Overlord  
  20  2:10  Drone  
  20  2:11  Drone  
  20  2:14  Drone  
  23  2:17  Queen  
  25  2:25  Overlord  
  25  2:27  Metabolic Boost  
  25  2:33  Extractor  
  24  2:38  Evolution Chamber  
  24  2:41  Drone  
  24  2:49  Drone x3  
  24  2:50  Drone  
  28  3:01  Drone  
  29  3:06  Drone  
  29  3:08  Drone  
  31  3:12  Zerg Melee Weapons Level 1  
  31  3:17  Zergling x6  
  31  3:19  Zergling x2  
  35  3:22  Drone, Overlord  
  36  3:30  Zergling x6  
  39  3:41  Drone x2  
  39  3:45  Drone  
  42  3:55  Zergling x8  
  46  4:00  Zergling x6  
  49  4:08  Drone x2  
  51  4:12  Drone  
  51  4:15  Overlord  
  52  4:19  Overlord  
  52  4:23  Overlord  
  52  4:40  Lair  
  52  4:46  Drone x3  
  55  4:53  Roach Warren  
  54  5:10  Drone  
  41  5:41  Hydralisk Den, Zerg Ground Armor Level 1  
  40  5:45  Roach x5  
  40  5:46  Roach x3  
  40  5:49  Roach  
  58  5:52  Extractor  
  58  5:53  Extractor  
  58  5:56  Drone  
  57  5:57  Drone  
  58  6:07  Glial Reconstitution  
  58  6:14  Hydralisk x6  
  58  6:15  Hydralisk  
  72  6:24  Drone  
  72  6:25  Drone  
  74  6:37  Muscular Augments  
  74  6:39  Hydralisk  
  74  6:41  Overlord  
  74  6:42  Overlord  
  74  6:43  Overlord  
  74  6:45  Overlord  
  74  6:46  Overlord  
  76  6:48  Overlord  
  76  6:59  Roach x3  
  76  7:00  Roach  
  72  7:08  Roach x2  
  72  7:23  Roach x3  
  78  7:41  Roach x3  
  84  7:46  Overseer  
  84  7:50  Roach  
  84  7:51  Roach  
  88  7:55  Zerg Ground Armor Level 2  
  88  7:59  Hydralisk x2  
  92  8:07  Hatchery  
  91  8:13  Spore Crawler  
  91  8:14  Hydralisk  
  91  8:15  Hydralisk x2  
  91  8:19  Hydralisk  
  96  8:26  Roach  
  100  8:28  Roach x3  
  106  8:35  Roach x2  
  106  8:36  Roach x2  
  114  9:04  Drone  
  115  9:18  Overlord x2  
  115  9:20  Overlord x2  
  115  9:22  Overlord x2  
  115  9:30  Queen  
  117  9:43  Hydralisk x2  
  117  9:44  Hydralisk x4  
  117  9:45  Hydralisk x3  
  135  9:54  Hydralisk x2  
  135  9:55  Hydralisk  
  141  10:11  Zerg Missile Weapons Level 1  
  141  10:23  Hatchery  
  120  11:38  Hydralisk x6  
  120  11:39  Hydralisk x3  
  124  11:40  Hydralisk x3  
  124  11:45  Hydralisk  
  131  12:13  Hydralisk x6  
  81  14:03  Drone  
  81  14:04  Drone x3  
  81  14:08  Extractor  
  84  14:12  Extractor  
  84  14:16  Hydralisk  
  83  14:17  Hydralisk x4  
  83  14:18  Hydralisk x5  
  83  14:19  Hydralisk x3  
  83  14:20  Hydralisk x2  
  109  15:03  Hydralisk x2  
  109  15:04  Hydralisk x6  
  109  15:05  Hydralisk  
Tags
 
Add a new tag
Caveats
  • Supply blocks, unpowered buildings, or Contaminate may cause inaccurate times.
  • Supply counts are checked every 10 seconds.